 Dungeon Crawl Stone Soup version 0.31-a0-1218-gce794a2c1e (webtiles) character file.

Game seed: 13624007888225423940

105 InterstingKuromi the Grave Robber (level 4, 0/34 HPs)
             Began as a Ghoul Necromancer on Dec 13, 2023.
             Was an Initiate of Vehumet.
             Slain by an orc
             ... wielding a +0 dagger
              (4 damage)
             ... on level 3 of the Dungeon on Dec 14, 2023.
             The game lasted 00:41:27 (2437 turns).

InterstingKuromi the Grave Robber (GhNe)            Turns: 2437, Time: 00:41:27

Health: 0/34       AC:  2    Str: 11    XL:     4   Next: 83%
Magic:  1/8        EV: 12    Int: 16    God:    Vehumet [......]
Gold:   228        SH:  0    Dex:  9    Spells: 0/8 levels left

rFire   . . .        j - +0 dagger (drain)
rCold   + . .        e - orb {*channel}
rNeg    + + +        a - +0 robe
rPois   ∞            (no helmet)
rElec   .            (no cloak)
rCorr   .            (no gloves)
SInv    .            (no boots)
Will    .....        (no amulet)
Stlth   ++           (no ring)
HPRegen 0.00/turn    (no ring)
MPRegen 0.11/turn

%: channel magic (20%)
@: animating dead, inhibited regen
A: claws 1, cold resistance 1, negative energy resistance 3, inhibited
regeneration, torment resistance 2, devour on kill
a: Renounce Religion


You were on level 3 of the Dungeon.
You worshipped Vehumet.
Vehumet was noncommittal.
You visited 1 branch of the dungeon, and saw 3 of its levels.

You collected 228 gold pieces.

Inventory:

Hand Weapons
 b - a +0 hand axe
 c - a +0 spear
 d - a +0 dagger
 g - a +0 club
 j - a +0 dagger of draining (weapon)
Armour
 a - a +0 robe (worn)
 e - an orb of energy (worn)
Talismans
 i - a serpent talisman
Wands
 h - a wand of digging (3)
Scrolls
 k - a scroll of teleportation
 n - a scroll of immolation {unknown}
Potions
 f - 2 potions of curing
 l - a potion of haste
 m - a potion of invisibility {unknown}


   Skills:
 + Level 0.4 Fighting
 + Level 2.0 Dodging
 + Level 2.5 Stealth
 + Level 0.6 Unarmed Combat
 + Level 2.8 Spellcasting
 + Level 4.9 Necromancy


You couldn't memorise any spells.
You knew the following spells:

 Your Spells              Type           Power      Damage    Failure   Level
a - Necrotise             Necr           68%        1d7       10%         1
b - Animate Dead          Necr           17%        N/A       47%         4
c - Vampiric Draining     Necr           17%        2d7       21%         3

Your spell library contained the following spells:

 Spells                   Type           Power      Damage    Failure   Level
 Kiss of Death            Conj/Necr      40%        2d8       19%         1
 Dispel Undead            Necr           17%        3d10      47%         4
 Confusing Touch          Hex            2%         N/A       71%         3
 Agony                    Necr           17%        N/A       77%         5


Dungeon Overview and Level Annotations

Branches:
Dungeon (3/15)

Altars:
Vehumet

Shops:
D:1 :?*=


Innate Abilities, Weirdness & Mutations

You are immune to poison.
You have sharp fingernails.
Your flesh is cold resistant. (rC+)
You are immune to negative energy. (rN+++)
You do not regenerate when monsters are visible.
You are immune to unholy pain and torment.
You thrive by killing the living.


Message History

You hear a shout!
The orc wizard casts a spell.
The orc wizard flickers and vanishes!
Deactivating autopickup; reactivate with Ctrl-A.
An orc wizard comes into view. It is wielding a +0 dagger.
The orc throws a boomerang.
The boomerang hits you.
Aiming: Necrotise (safe; 10% risk of failure)
Press: ? - help, Q - select action Shift-Dir - straight line, f - orc
Aim: an orc, wielding a +0 dagger, wearing a +0 chain mail and quivering boomerangs (chance to affect: 87%)
The orc writhes in agony.
The orc throws a boomerang.
Something hits you.
You barely miss something. You miss something.
The orc wizard casts a spell at you.
You are confused.
Something hits you.
You miss something. The orc closely misses you.
You hear some strange, mumbled words.
Something tries to affect you, but you resist.
You hit the orc but do no damage.
The orc is almost dead.
The orc wizard hits you but does no damage.
The orc hits you with a +0 dagger. Something hits you.
You bump into the rock wall.
The orc wizard barely misses you. The orc hits you with a +0 dagger.
Something hits you.
You closely miss the orc.
The orc is severely wounded.
The orc wizard casts a spell at you. The magic dart hits you!
* * * LOW HITPOINT WARNING * * *
Something hits you.
* * * LOW HITPOINT WARNING * * *
The orc barely misses you.
You're too confused to cast spells.
You barely miss the orc.
The orc is severely wounded.
You feel less confused. The orc wizard barely misses you.
The orc hits you with a +0 dagger.
You die...

.# #.......# .#
#.......# .####.......##
.............#
#####........#
#........# #........#
########.###.########.#
.(..............@o....#
########.......>.o......
########.#######. #.#
#.# #.# #.# #.#


You could see an orc wizard and an orc.

Vanquished Creatures
  5 adders
  A worm (D:3)
  3 dart slugs
  4 ball pythons
  4 endoplasms
  4 giant cockroaches
  A goblin (D:3)
  6 hobgoblins
  2 quokkas
  A bat (D:2)
  A frilled lizard (D:3)
  8 kobolds
  5 rats
45 creatures vanquished.

Vanquished Creatures (collateral kills)
  A dart slug (D:2)
  A hobgoblin (D:2)
  A ball python (D:3)
  2 kobolds
5 creatures vanquished.

Grand Total: 50 creatures vanquished

Notes
Turn   | Place    | Note
-------+----------+-------------------------------------------
     0 | D:1      | InterstingKuromi the Ghoul Necromancer began the quest for
                  | the Orb.
     0 | D:1      | Reached XP level 1. HP: 14/14 MP: 3/3
    19 | D:1      | Found Dykaofi's Jewellery Boutique.
   203 | D:1      | Found Palokk's Assorted Antiques.
   257 | D:1      | Reached XP level 2. HP: 20/20 MP: 0/4
   309 | D:1      | Found Pochugheux's Book Shop.
   393 | D:1      | Found Loiboniq's Magic Scroll Shoppe.
  1312 | D:2      | Reached XP level 3. HP: 17/26 MP: 0/6
  1984 | D:3      | Reached XP level 4. HP: 16/33 MP: 7/7
  1992 | D:3      | Found a radiant altar of Vehumet.
  2008 | D:3      | Became a worshipper of Vehumet
  2299 | D:3      | Learned a level 4 spell: Animate Dead
  2303 | D:3      | Learned a level 3 spell: Vampiric Draining
  2437 | D:3      | Slain by an orc

Illustrated notes

Levels and vault maps discovered:
D:1:      onia_arrival_mini_spirals, layout_loops_cross, serial_shops,
          nicolae_diamond_shop, nicolae_shop_real_fake_doors,
          nicolae_shop_window_shopping, shop_coins
D:2:      layout_rooms, serial_forest, infiniplex_forest_zigzag_2,
          infiniplex_forest_lined_room_2, infiniplex_forest_straight_3,
          infiniplex_forest_clump_C, infiniplex_forest_zigzag_1,
          infiniplex_forest_zigzag_2, infiniplex_forest_straight_5,
          infiniplex_forest_corner_2
D:3:      layout_loops_ring, mainiacjoe_overflow_paths,
          mainiacjoe_overflow_small_starburst, glass_columns_c

Skill      XL: |  1  2  3 |
---------------+----------+-----
Spellcasting   | 2 |  2.8
Dodging        | 2 |  2.0
Fighting       | |  0.4
Stealth        | |  2.5
Unarmed Combat | |  0.6
Necromancy     | |  4.9

Action                     |  1- 3 |  4- 6 || total
---------------------------+-------+-------++-------
  Melee: Unarmed           |    27 |       ||    27
         Spear             |    28 |       ||    28
         Punch             |     1 |       ||     1
         Dagger            |       |     7 ||     7
         Hand axe          |       |     3 ||     3
  Throw: Stone             |     4 |       ||     4
   Cast: Necrotise         |    55 |    37 ||    92
         Animate Dead      |       |     3 ||     3
    Use: Scroll            |     6 |     1 ||     7
         Potion            |     1 |       ||     1
   Stab: Sleeping          |     1 |       ||     1
 Armour: Robe              |    41 |    14 ||    55
  Dodge: Dodged            |    47 |     9 ||    56

Table legend: (Time is in decaauts)
 A = Elapsed time spent in this place.
 B = Non-inter-level travel time spent in this place.
 C = Inter-level travel time spent in this place.
 D = Time resting spent in this place.
 E = Time spent auto-exploring this place.
 F = Levels seen in this place.
 G = Mean time per level.
                   A        B        C        D        E       F      G
               +--------+--------+--------+--------+--------+-----+--------+
         Total |   2439 |    825 |   1614 |      0 |      0 |   3 |  813.0 |
       Dungeon |   2439 |    825 |   1614 |      0 |      0 |   3 |  813.0 |
               +--------+--------+--------+--------+--------+-----+--------+

Top non-repeatable levels by time:
     D:1: 1251 daAuts
     D:2: 722 daAuts
     D:3: 464 daAuts
